 Dungeon Crawl Stone Soup version 0.32-a0-872-g59262bdc9b (webtiles) character file.

Game seed: 1041587719432079345

97 ongoing the Trooper (level 4, -1/40 HPs)
             Began as a Draconian Monk on Mar 30, 2024.
             Slain by Grinder the red devil (10 damage)
             ... on level 3 of the Dungeon.
             The game lasted 00:02:09 (1875 turns).

ongoing the Trooper (Draconian Monk)                Turns: 1875, Time: 00:02:10

Health: -1/40      AC:  7    Str: 20    XL:     4   Next: 42%
Magic:  4/4        EV: 12    Int: 10    God:
Gold:   170        SH:  0    Dex: 15    Spells: 3/3 levels left

rFire   . . .        a - +0 falchion
rCold   . . .        c - orb {light}
rNeg    . . .        (body armour unavailable)
rPois   .            o - +2 hat
rElec   .            (no cloak)
rCorr   .            (no gloves)
SInv    .            (no boots)
Will    .....        (no amulet)
Stlth   +            e - +6 ring of strength
HPRegen 0.26/turn    (no ring)
MPRegen 0.09/turn

%: no passive effects
@: spiked, glowing
A: AC +5, unfitting armour, cold-blooded
a: no special abilities


You were on level 3 of the Dungeon.
You visited 1 branch of the dungeon, and saw 3 of its levels.

You collected 170 gold pieces.

Inventory:

Hand Weapons
 a - a +0 falchion (weapon)
Armour
 c - an orb of light (worn)
 o - a +2 hat (worn)
Jewellery
 e - a +6 ring of strength (left hand)
Wands
 q - a wand of polymorph (3)
Scrolls
 b - a scroll of vulnerability {unknown}
 h - 3 scrolls of identify {unknown}
 i - 2 scrolls of fear {unknown}
 j - 3 scrolls of torment {unknown}
Potions
 d - a potion of invisibility {unknown}
 f - a potion of curing {unknown}
 g - 2 potions of heal wounds {unknown}
 k - 2 potions of haste {unknown}
 l - a potion of attraction {unknown}
 n - a potion of lignification {unknown}
 p - a potion of mutation {unknown}
 r - a potion of degeneration {unknown}


   Skills:
 + Level 4.3 Fighting
 + Level 3.9 Long Blades
 + Level 3.5 Dodging


You had 3 spell levels left.
You didn't know any spells.
Your spell library was empty.

Dungeon Overview and Level Annotations

Branches:
Dungeon (3/15)

Altars:
Nemelex Xobeh

Annotations:
D:3 Grinder


Innate Abilities, Weirdness & Mutations

Your plain brown scales are hard. (AC +5)
You cannot fit into any form of body armour.
You are cold-blooded and may be slowed by cold attacks.


Message History

Throw: 5 darts (curare)
Press: ? - help, Q - select action, (/) - cycle Shift-Dir - straight line, f/p - Grinder
Aim: Grinder the red devil (46% to hit)
You throw a curare-tipped dart.
The curare-tipped dart closely misses Grinder.
Press: ? - help, v - describe, . - travel
Here: Grinder the red devil The floor.
Throw: 4 darts (curare)
Press: ? - help, Q - select action, (/) - cycle Shift-Dir - straight line, f/p - Grinder
Aim: Grinder the red devil (46% to hit)
You throw a curare-tipped dart. The curare-tipped dart hits Grinder.
Throw: 3 darts (curare)
Press: ? - help, Q - select action, (/) - cycle Shift-Dir - straight line, f/p - Grinder
Aim: Grinder the red devil (46% to hit)
You throw a curare-tipped dart. The curare-tipped dart hits Grinder.
Throw: 2 darts (curare)
Press: ? - help, Q - select action, (/) - cycle Shift-Dir - straight line, f/p - Grinder
Aim: Grinder the red devil (46% to hit)
You throw a curare-tipped dart. The curare-tipped dart hits Grinder.
Throw: dart (curare)
Press: ? - help, Q - select action, (/) - cycle Shift-Dir - straight line, f/p - Grinder
Aim: Grinder the red devil (haloed, 65% to hit)
You throw a curare-tipped dart. The curare-tipped dart hits Grinder.
Grinder hits you but does no damage.
You hit Grinder but do no damage. Grinder hits you!
Barbed spikes become lodged in your body.
Grinder says, "Leave whilst thou can!"
Grinder hits you but does no damage.
You barely miss Grinder. Grinder hits you!
More barbed spikes become lodged in your body.
You slash Grinder!
Grinder is moderately wounded.
Grinder hits you!
* * * LOW HITPOINT WARNING * * *
More barbed spikes become lodged in your body.
You barely miss Grinder.
Grinder is moderately wounded.
Grinder hits you!
You die...

.###.# #.##.##.#
..##.########.##.##.#
............#.......#
.####.......####.####
.# #..###..# #.# .#
#..# #..# #.#
.####..###..# #.#
............# #.#
.####.......# #@#
.####.##.#### #4##
.#.......# #g.#
.#.##.####### ##(#
....#.......## #(#
.............## #(#
..............###(#
.#..........g.....#
.##.........4.#####


You could see Grinder the red devil and a goblin.

Vanquished Creatures
  An orc priest (D:3)
  3 adders (D:2)
  A dart slug (D:3)
  3 orcs
  A ball python (D:1)
  2 endoplasms
  A giant cockroach (D:1)
  4 goblins
  6 hobgoblins
  3 bats
  3 frilled lizards
  4 kobolds (D:1)
  3 rats
35 creatures vanquished.

Notes
Turn   | Place    | Note
-------+----------+-------------------------------------------
     0 | D:1      | ongoing the Draconian Monk began the quest for the Orb.
     0 | D:1      | Reached XP level 1. HP: 19/19 MP: 1/1
   126 | D:1      | Reached XP level 2. HP: 26/26 MP: 2/2
   902 | D:2      | Found a faded altar of an unknown god.
  1038 | D:2      | Reached XP level 3. HP: 30/33 MP: 3/3
  1303 | D:2      | Reached skill level 4 in Fighting
  1460 | D:2      | Found a sparkling altar of Nemelex Xobeh.
  1571 | D:3      | Reached XP level 4. HP: 5/40 MP: 4/4
  1571 | D:3      | Noticed Grinder
  1572 | D:3      | HP: 2/40 [orc/+0 dagger (1)]
  1855 | D:3      | Grinder changed into Grinder the red devil
  1855 | D:3      | Noticed Grinder
  1875 | D:3      | Slain by Grinder the red devil

Illustrated notes

Levels and vault maps discovered:
D:1:      mrwooster_arrival_statue_2, layout_basic,
          chequers_serial_rivers_small_b, minmay_tromino_v7
D:2:      layout_loops_ring, basic_altar, ebering_ecumenical_altar_box,
          moated_statue
D:3:      layout_loops_cross, amcnicky_mini_corridor_feature, uniq_grinder,
          uniq_terence

Skill      XL: |  1  2  3 |
---------------+----------+-----
Dodging        | 3 |  3.5
Fighting       | 4 |  4.3
Long Blades    | |  3.9

Action                     |  1- 3 |  4- 6 || total
---------------------------+-------+-------++-------
  Melee: Falchion          |    61 |    20 ||    81
         Tailslap          |    12 |     1 ||    13
  Throw: Dart              |       |     5 ||     5
  Evoke: Wand              |       |     1 ||     1
    Use: Potion            |       |     1 ||     1
 Armour: Skin              |    35 |    18 ||    53
  Dodge: Dodged            |    47 |    15 ||    62

Table legend: (Time is in decaauts)
 A = Elapsed time spent in this place.
 B = Non-inter-level travel time spent in this place.
 C = Inter-level travel time spent in this place.
 D = Time resting spent in this place.
 E = Time spent auto-exploring this place.
 F = Levels seen in this place.
 G = Mean time per level.
                   A        B        C        D        E       F      G
               +--------+--------+--------+--------+--------+-----+--------+
         Total |   1886 |   1806 |     80 |    105 |   1398 |   3 |  628.7 |
       Dungeon |   1886 |   1806 |     80 |    105 |   1398 |   3 |  628.7 |
               +--------+--------+--------+--------+--------+-----+--------+

Top non-repeatable levels by time:
     D:1: 902 daAuts
     D:2: 792 daAuts
     D:3: 190 daAuts
